 Dungeon Crawl Stone Soup version 0.30.0-29-ga12c61a403 (webtiles) character file.

Game seed: 10444811648666305934

2 cheesebisquit the Ruffian (level 1, 16/16 HPs)
             Began as a Draconian Transmuter on June 9, 2023.
             Was a Follower of Cheibriados.
             Quit the game on level 1 of the Dungeon.
             The game lasted 00:01:20 (133 turns).

cheesebisquit the Ruffian (Draconian Transmuter)     Turns: 133, Time: 00:01:21

Health: 16/16      AC:  4    Str: 14    XL:     1   Next: 25%
Magic:  3/3        EV: 12    Int: 15    God:    Cheibriados [*.....]
Gold:   17         SH:  0    Dex: 13    Spells: 3/4 levels left

rFire   . .          .
                       - Unarmed
rCold   . . .        (no shield)
rNeg    . . .        (body armour unavailable)
rPois   .            (helmet restricted)
rElec   .            (no cloak)
rCorr   .            (no gloves)
SInv    .            (no boots)
Will    .....        (no amulet)
Stlth   +            (no ring)
HPRegen 0.22/turn    (no ring)
MPRegen 0.08/turn

%: no passive effects
@: very slow
A: AC +4, unfitting armour, cold-blooded
a: Renounce Religion, Bend Time


You were on level 1 of the Dungeon.
You worshipped Cheibriados.
Cheibriados was aware of your devotion.
You visited 1 branch of the dungeon, and saw 1 of its levels.

You collected 17 gold pieces.

Inventory:

Scrolls
 b - a scroll of noise {unknown}
Potions
 a - a potion of lignification


   Skills:
 - Level 1.1 Fighting
 - Level 1.7 Dodging
 - Level 3.0 Unarmed Combat
 + Level 2.0 Spellcasting
 + Level 2.1 Transmutations


You had 3 spell levels left.
You knew the following spells:

 Your Spells              Type           Power      Damage    Failure   Level
a - Beastly Appendage     Tmut           14%        N/A       10%         1

Your spell library contained the following spells:

 Spells                   Type           Power      Damage    Failure   Level
 Wereblood                Tmut           7%         N/A       14%         2
 Spider Form              Tmut/Pois      4%         N/A       41%         3
 Ice Form                 Ice/Tmut       4%         N/A       82%         4


Dungeon Overview and Level Annotations

Branches:
Dungeon (1/15)

Altars:
Cheibriados


Innate Abilities, Weirdness & Mutations

Your plain brown scales are hard. (AC +4)
You cannot fit into any form of body armour.
You are cold-blooded and may be slowed by cold attacks.


Message History

The kobold shouts!
You barely miss the ball python. Your kick misses the ball python.
Your headbutt misses the ball python.
The ball python bites you but does no damage.
The ball python misses you.
You hit the ball python.
You kill the ball python!
You barely miss the kobold. Your kick misses the kobold.
Your tail-slap misses the kobold.
The kobold closely misses you.
You closely miss the kobold. You tail-slap the kobold.
The kobold is severely wounded.
Your transformation is almost over.
The kobold hits you but does no damage.
You hit the kobold.
You kill the kobold!
You see here a +0 short sword.
There is a faded altar of an unknown god here.
This altar belongs to (a) Cheibriados, (b) Hepliaklqana or (c) Jiyva, but you can't tell which.
Press the corresponding letter to learn more about a god, or press enter to convert or escape to cancel.
Okay, then.
Unknown command.
Press < or > to pray at altars.
This altar belongs to (a) Cheibriados, (b) Hepliaklqana or (c) Jiyva, but you can't tell which.
Press the corresponding letter to learn more about a god, or press enter to convert or escape to cancel.
Cheibriados accepts your prayer! Cheibriados welcomes you!
Cheibriados begins to support your attributes as your movement slows.
Cheibriados is now slowing the effects of poison on you.
You can now bend time to slow others.
Cheibriados raises the support of your attributes as your movement slows.
Magic restored.
Your horns disappear.
Your talons disappear.
Found a stone staircase leading down.
Found 5 stones.
You now have 17 gold pieces (gained 10).
b - a scroll labelled PIAJUTR JANADO
Found a short sword.
Found 5 stones.
An endoplasm comes into view.
The endoplasm quivers.
You see here a +0 short sword.
Are you sure you want to abandon this character and quit the game? (Confirm with "yes".)

####### #.....#
########### ###.#.#
#..........
#...########..@...J...
##...#.................
##......########.#######
#.....######. ..#
............. ....
....#.###.###.##..#
.............. ...#
......##.#### ...#
##.#........ ♣♣.(


You could see an endoplasm.

Vanquished Creatures
  A ball python (D:1)
  A kobold (D:1)
2 creatures vanquished.

Notes
Turn   | Place    | Note
-------+----------+-------------------------------------------
     0 | D:1      | cheesebisquit the Draconian Transmuter began the quest for
                  | the Orb.
     0 | D:1      | Reached XP level 1. HP: 16/16 MP: 3/3
    74 | D:1      | Found a faded altar of an unknown god.
    86 | D:1      | Prayed at the altar of an unknown god.
    86 | D:1      | Became a worshipper of Cheibriados the Contemplative
    86 | D:1      | Reached * piety under Cheibriados
   133 | D:1      | Quit the game

Illustrated notes

Levels and vault maps discovered:
D:1:      minmay_arrival_plants_in_alcoves, layout_basic,
          nicolae_ecumenical_snake_handling, nrook_campfire, serial_park_tiny_2

Action                     || total
---------------------------++-------
  Melee: Unarmed           ||     5
         Tailslap          ||     1
   Cast: Beastly Appendage ||     1
 Armour: Skin              ||     2
  Dodge: Dodged            ||     2
